 Dungeon Crawl Stone Soup version 0.22-a0-406-g9ff8d77 (webtiles) character file.

53 Borgoz the Skirmisher (level 3, -1/24 HPs)
             Began as a Gargoyle Abyssal Knight on May 8, 2018.
             Was a Believer of Lugonu.
             Slain by an ice beast (4 damage)
             ... on level 2 of the Dungeon.
             The game lasted 00:02:13 (1580 turns).

Borgoz the Skirmisher (Gargoyle Abyssal Knight)     Turns: 1580, Time: 00:02:13

Health: -1/24      AC:  9    Str: 20    XL:     3   Next: 89%
Magic:  4/4        EV: 11    Int: 12    God:    Lugonu [**....]
Gold:   75         SH:  0    Dex: 10    Spells: 2/2 levels left

rFire    . . .     SeeInvis .   a - +1 hand axe
rCold    . . .     Gourm    .   (no shield)
rNeg     + . .     Faith    .   h - +0 ring mail
rPois    ∞         Spirit   .   e - +0 helmet
rElec    +         Reflect  .   (no cloak)
rCorr    .         Harm     .   (no gloves)
MR       .....                  (no boots)
Stlth    ..........             (no amulet)
HPRegen  0.08/turn              (no ring)
MPRegen  0.09/turn              (no ring)

@: mighty
A: negative energy resistance 1, electricity resistance, unbreathing,
petrification resistance, rot immunity, AC +3
a: Depart the Abyss, Bend Space, Renounce Religion


You were on level 2 of the Dungeon.
You worshipped Lugonu.
Lugonu was pleased with you.
You were not hungry.

You visited 1 branch of the dungeon, and saw 2 of its levels.
You visited the Abyss 1 time.

You collected 75 gold pieces.

Inventory:

Hand Weapons
 a - a +1 hand axe (weapon)
Armour
 e - a +0 helmet (worn)
 h - a +0 ring mail (worn)
Jewellery
 d - an uncursed ring of poison resistance
 g - an uncursed ring of ice
 k - an uncursed ring of protection from fire {unknown}
Scrolls
 f - 5 scrolls of identify {unknown}
 i - a scroll of noise {unknown}
 j - a scroll of remove curse {unknown}
 n - a scroll of blinking {unknown}
Potions
 m - a potion of haste {unknown}
 o - a potion of resistance {unknown}
Comestibles
 b - 3 chunks of flesh
 c - 3 rations


   Skills:
 + Level 3.7 Fighting
 + Level 2.2 Axes
 + Level 2.7 Armour
 + Level 1.4 Dodging
 + Level 2.6 Invocations


You had 2 spell levels left.
You didn't know any spells.

Dungeon Overview and Level Annotations

Branches:
Dungeon (2/15)

Altars:


Innate Abilities, Weirdness & Mutations

You are resistant to torment.
Your stone body is resilient. (AC +3)
You are immune to poison.
You resist negative energy. (rN+)
You are resistant to electric shocks. (rElec)
You can survive without breathing.
You are immune to petrification.
You are immune to rotting.


Message History

It was a potion of might.
You feel very mighty all of a sudden.
The ice beast hits you but does no damage.
You see here 12 stones.
You closely miss the ice beast.
The ice beast is moderately wounded.
The ice beast misses you.
You completely miss the ice beast.
The ice beast is moderately wounded.
The ice beast hits you but does no damage.
You barely miss the ice beast.
The ice beast is moderately wounded.
The ice beast hits you but does no damage. x2
You slash the ice beast!
The ice beast is severely wounded.
The ice beast barely misses you.
You hit the ice beast.
The ice beast is almost dead.
The ice beast hits you.
You die...

#..######.##.#
#####..#### #.##.#
...........###.##.######
###........#...##.##...
...........#.####.##.#
................†....###
###....................#
#..........####.####.#
#...........Y@..# #.#
#.###.###..####.# #.# #.
#.###..####.####.######
#.#..........†<).......#
..###
#.#..#.#######.#####..
....).#.#..#.## #.#
............... ..#
#..####.##.#### ###
#.##.#


You could see an ice beast.

Vanquished Creatures
  3 dart slugs
  A leopard gecko (D:2)
  2 ball pythons (D:1)
  2 bats (D:1)
  3 giant cockroaches
  4 goblins (D:1)
  7 hobgoblins
  6 jackals (D:1)
  4 frilled lizards (D:1)
  4 kobolds (D:1)
  4 rats
40 creatures vanquished.

Vanquished Creatures (others)
  2 starspawn tentacles (Abyss:1)
2 creatures vanquished.

Grand Total: 42 creatures vanquished

Notes
Turn   | Place    | Note
-------+----------+-------------------------------------------
     0 | Abyss:1  | Borgoz the Gargoyle Abyssal Knight began the quest for the Orb.
     0 | Abyss:1  | Reached XP level 1. HP: 14/14 MP: 2/2
    64 | Abyss:1  | Noticed a tentacled starspawn
   104 | Abyss:2  | Noticed a small abomination
   108 | D:1      | Escaped the Abyss
   467 | D:1      | Reached skill level 1 in Dodging
   467 | D:1      | Reached XP level 2. HP: 7/19 MP: 3/3
   469 | D:1      | Reached * piety under Lugonu
   909 | D:1      | Reached XP level 3. HP: 21/23 MP: 4/4
  1553 | D:2      | Noticed an ice beast
  1564 | D:2      | Reached ** piety under Lugonu
  1580 | D:2      | Slain by an ice beast

Vault maps used:
D:1:      dpeg_arrival_tiny_j
D:2:      chequers_temple_overflow_statue_of_worship, first_ration,
          uniq_jessica, uniq_terence

Skill      XL: |  1  2 |
---------------+-------+-----
Dodging        | 1 |  1.4
Axes           | 2 |  2.2
Fighting       | |  3.7
Armour         | |  2.7
Invocations    | |  2.6

Action                   || total
-------------------------++-------
Melee: Hand axe          ||   117
Invok: Depart the Abyss  ||     1
  Use: Potion            ||     1
  Eat: Chunk             ||     2
Armor: Leather armour    ||    19
       Ring mail         ||    56
Dodge: Dodged            ||    89

Table legend:
 A = Spawn XP
 B = Non-spawn XP
 C = Spawn XP percentage of total XP
 D = Spawn monster count
 E = Non-spawn monster count
 F = Spawn count percentage of total count
 G = Total turns spent on level
                    A         B        C        D         E        F      G
               +---------+---------+-------+---------+---------+-------+---------
         Total |       0 |      77 |   0.0 |       0 |      40 |   0.0 |  1580
               +---------+---------+-------+---------+---------+-------+---------
           D:1 |       0 |      65 |   0.0 |       0 |      35 |   0.0 |  1382
           D:2 |       0 |      12 |   0.0 |       0 |       5 |   0.0 |    90
               +---------+---------+-------+---------+---------+-------+---------
